 Dungeon Crawl Stone Soup version 0.19.0-16-g73b5abf (webtiles) character file.

14588 Ladykiller69 the Cleaver (level 12, -10/89 HPs)
             Began as a Formicid Fighter on Nov 10, 2016.
             Was an Elder of Cheibriados.
             Mangled by a spiny frog (15 damage)
             ... on level 6 of the Lair of Beasts.
             The game lasted 00:34:38 (11791 turns).

Ladykiller69 the Cleaver (Formicid Fighter)        Turns: 11791, Time: 00:34:39

Health: -10/89     AC: 16    Str: 31    XL:     12   Next: 47%
Magic:  16/16      EV: 12    Int: 23    God:    Cheibriados [****..]
Gold:   1047       SH:  0    Dex: 20    Spells: 0 memorised, 11 levels left

rFire  + . .     SeeInvis +     M - +0 broad axe
rCold  x . .     Gourm    .     p - +4 chain mail {MR+}
rNeg   . . .     Faith    .     c - +0 shield
rPois  .         Spirit   .     (helmet unavailable)
rElec  .         Reflect  .     (no cloak)
rCorr  .         Harm     .     x - +0 pair of gloves
MR     ++...                    q - +0 pair of boots
Stlth  ..........               (no amulet)
                                H - +4 ring of slaying
                                X - ring of fire

@: confused, lethally poisoned (-10 -> -12), very slow
A: permanent stasis, dig shafts and tunnels, four strong arms, antennae 3
a: Dig, Shaft Self, Bend Time, Temporal Distortion, Slouch, Renounce Religion


You were on level 6 of the Lair of Beasts.
You worshipped Cheibriados.
Cheibriados was greatly pleased with you.
You were hungry.

You visited 3 branches of the dungeon, and saw 15 of its levels.
You also visited: Sewer.

You collected 1047 gold pieces.

Inventory:

Hand Weapons
 M - a +0 broad axe (weapon)
 T - a +0 battleaxe
 U - a +4 scimitar of flaming
Missiles
 e - 295 stones
 r - 2 throwing nets
 R - 7 tomahawks (quivered)
Armour
 c - a +0 shield (worn)
 p - a +4 chain mail of magic resistance (worn)
 q - a +0 pair of boots (worn)
 x - a +0 pair of gloves (worn)
 D - a +0 plate armour
Jewellery
 k - a +4 amulet of reflection
 m - a +3 ring of protection
 H - a +4 ring of slaying (right hand)
 J - an uncursed ring of protection from fire
 W - an uncursed amulet of faith
 X - a ring of fire (left hand)
Wands
 a - a wand of flame (23/48)
 b - a wand of digging (8/24)
 j - a wand of disintegration (24/24)
 l - a wand of polymorph (5/24)
 y - a wand of acid (5/15)
 C - a wand of slowing (11/48)
 F - a wand of confusion (26/48)
 O - a wand of lightning (9/15)
 V - a wand of iceblast (4/15)
Scrolls
 h - 2 scrolls of fear
 i - 2 scrolls of recharging
 n - a scroll of magic mapping
 o - a scroll of immolation
 s - a scroll of enchant weapon
 t - 3 scrolls of identify
 u - 2 scrolls of remove curse
 v - a scroll of enchant armour
 B - a scroll of noise
 N - a scroll of vulnerability
 P - a scroll of fog
 Y - a scroll of acquirement
Potions
 d - 2 potions of might
 g - 2 potions of flight
 L - 2 potions of lignification
 Z - a potion of cancellation
Books
 I - a Young Poisoner's Handbook

   Spells                             Type                      Level
   a - Sting                          Conjuration/Poison           1
   b - Mephitic Cloud                 Conjuration/Poison/Air       3
   c - Olgreb's Toxic Radiance        Poison                       4
   d - Alistair's Intoxication        Transmutation/Poison         5
   e - Venom Bolt                     Conjuration/Poison           5
 K - a book of Air

   Spells                             Type                      Level
   a - Shock                          Conjuration/Air              1
   b - Swiftness                      Charms/Air                   2
   c - Repel Missiles                 Charms/Air                   2
   d - Static Discharge               Conjuration/Air              3
   e - Lightning Bolt                 Conjuration/Air              5
 Q - a book of Beasts

   Spells                             Type                      Level
   a - Summon Butterflies             Summoning                    1
   b - Call Canine Familiar           Summoning                    3
   c - Summon Ice Beast               Ice/Summoning                4
   d - Summon Mana Viper              Hexes/Summoning              5
   e - Summon Hydra                   Summoning                    7
Comestibles
 f - 7 bread rations
 w - 3 royal jellies
 A - 3 fruits
 E - 2 beef jerkies
 G - 5 meat rations


   Skills:
 + Level 6.5 Fighting
 * Level 13.9 Axes
 + Level 6.1 Armour
 + Level 4.0 Dodging
 - Level 11.4 Shields
 + Level 5.4 Invocations


You had 11 spell levels left.
You didn't know any spells.

Dungeon Overview and Level Annotations

Branches:
Dungeon (10/15)            Temple (1/1) D:5            Lair (3/6) D:8
    Orc (0/2) D:10
  Swamp: Lair:2-4    Shoals: Lair:2-4     Snake: Lair:2-4    Spider: Lair:2-4

Altars:
Ashenzari
Cheibriados
Dithmenos
Elyvilon
Fedhas
Makhleb
Nemelex Xobeh
Qazlal
Sif Muna
Vehumet
Zin

Shops:
D:6 *   D:8 (

Annotations:
D:4 Grinder; Haldmier's ghost, amateur HOFi; Sigmund
Lair:3 Sonja


Innate Abilities, Weirdness & Mutations

You are under a permanent stasis effect.
You can dig through walls and to a lower floor.
Your four strong arms can wield two-handed weapons with a shield.
You have a pair of large antennae on your head. (SInv)


Message History

The spiny frog poisons you!
You hit the spiny frog.
The spiny frog is moderately wounded.
You feel sick. You block the spiny frog's attack.
You slash the spiny frog!
The spiny frog is severely wounded.
You feel sick. The spiny frog barely misses you.
You completely miss the spiny frog.
The spiny frog is severely wounded.
The spiny frog stings you!
* * * LOW HITPOINT WARNING * * *
Okay, then.
You can't shaft yourself on this level.
There is a lethal amount of poison in your body!
Okay, then.
Okay, then.
It was a potion of ambrosia.
You are confused.
You feel invigorated.
You feel sick. The spiny frog stings you!
You die...

.##. ..... ..##
.#.# P .... .).
..... ≈≈ P.. .t.
..... P#. #.t ..
...... ≈≈..#..#.#
#....
P#P....t.##..#
PP..#....#@###
P≈......###FY###.P
♣...#.(.t.{Y....P..
≈ ##....#........
P≈...#.###....P..
♣PP...... ..##..#
≈P≈.##.... ### ##


≈PPP ##... .≈≈P .#..# You could see 2 yaks and a spiny frog.

Vanquished Creatures
  Erica (D:8)
  3 black mambas (Lair:2)
  4 spiny frogs
  2 komodo dragons
  2 rime drakes
  9 blink frogs (Lair:2)
  A hornet (D:10)
  2 hippogriffs
  8 yaks
  A wyvern (Lair:2)
  Eustachio (D:6)
  Menkaure (D:4)
  Purgy (Sewer)
  5 porcupines
  A black bear (D:6)
  3 sky beasts
  5 orc warriors
  An ice beast (D:6)
  A phantom (D:4)
  8 ogres
  16 wolves
  5 centaurs
  7 crocodiles
  A big kobold (D:6)
  6 bullfrogs
  A gnoll sergeant (D:6)
  3 scorpions
  4 crimson imps
  A bullfrog zombie (D:7)
  4 hounds
  4 jellies
  11 orc wizards
  7 orc priests
  3 bullfrog skeletons
  8 worker ants
  2 gnoll shamans
  Terence (D:2)
  Ijyb (D:2)
  4 iguanas
  A killer bee zombie (D:7)
  A hound skeleton (D:5)
  A worker ant zombie (D:2)
  17 gnolls
  7 adders
  A shadow imp (D:7)
  An adder zombie (D:6)
  2 adder skeletons (D:6)
  4 worms
  3 dart slugs
  3 leopard geckos
  46 orcs
  3 bats
  8 giant cockroaches
  8 goblins
  13 hobgoblins
  19 kobolds
  4 quokkas
  A ball python (D:3)
  A frilled lizard (D:3)
  A jackal zombie (D:7)
  13 rats
  A fungus (D:2)
308 creatures vanquished.

Vanquished Creatures (others)
  5 plants
5 creatures vanquished.

Grand Total: 313 creatures vanquished

Notes
Turn   | Place    | Note
-------+----------+-------------------------------------------
     0 | D:1      | Ladykiller69 the Formicid Fighter began the quest for the Orb.
     0 | D:1      | Reached XP level 1. HP: 18/18 MP: 1/1
   136 | D:1      | Reached XP level 2. HP: 19/24 MP: 2/2
   332 | D:1      | Reached XP level 3. HP: 29/29 MP: 3/3
   680 | D:2      | Noticed Terence
   772 | D:2      | Killed Terence
   772 | D:2      | Reached XP level 4. HP: 22/37 MP: 4/4
   860 | D:2      | Noticed Ijyb
   876 | D:2      | Killed Ijyb
   876 | D:2      | Reached skill level 3 in Axes
   876 | D:2      | Reached XP level 5. HP: 40/42 MP: 5/5
  1390 | D:2      | Found a blossoming altar of Fedhas.
  1580 | D:2      | Reached skill level 5 in Shields
  1616 | D:3      | Found a stormy altar of Qazlal.
  1670 | D:3      | Reached XP level 6. HP: 39/48 MP: 6/6
  1704 | D:3      | Found a glowing drain.
  1726 | Sewer    | Entered a sewer
  1768 | Sewer    | Reached skill level 4 in Axes
  1817 | Sewer    | Noticed Purgy
  1826 | Sewer    | Killed Purgy
  1932 | D:3      | Found a burning altar of Makhleb.
  2386 | D:3      | Found a radiant altar of Vehumet.
  2849 | D:4      | Reached skill level 5 in Axes
  2849 | D:4      | Reached XP level 7. HP: 44/54 MP: 7/7
  2851 | D:4      | Found a shattered altar of Ashenzari.
  2869 | D:4      | Noticed Grinder
  3068 | D:4      | Noticed Haldmier's ghost (amateur HOFi)
  3747 | D:4      | Reached skill level 6 in Axes
  3927 | D:4      | Reached XP level 8. HP: 48/60 MP: 8/8
  3955 | D:4      | Noticed Menkaure
  3973 | D:4      | Killed Menkaure
  4304 | D:4      | Noticed Sigmund
  4335 | D:5      | Entered Level 5 of the Dungeon
  4363 | D:5      | Reached skill level 7 in Axes
  4867 | D:5      | Reached skill level 8 in Axes
  4979 | D:5      | Found a staircase to the Ecumenical Temple.
  4994 | Temple   | Entered the Ecumenical Temple
  5013 | Temple   | Became a worshipper of Cheibriados the Contemplative
  5260 | D:5      | Found a white marble altar of Elyvilon.
  5332 | D:5      | Reached XP level 9. HP: 60/65 MP: 9/9
  5559 | D:6      | Found a shadowy altar of Dithmenos.
  5639 | D:6      | Reached skill level 9 in Axes
  5880 | D:6      | Reached * piety under Cheibriados
  6106 | D:7      | You fall through a shaft for 3 floors!
  6106 | D:10     | Entered Level 10 of the Dungeon
  6106 | D:10     | Found a staircase to the Orcish Mines.
  6346 | D:10     | Noticed a hippogriff
  6370 | D:10     | Killed a hippogriff
  6530 | D:10     | Noticed a hornet
  6548 | D:10     | Killed a hornet
  6548 | D:10     | Reached skill level 10 in Axes
  6909 | D:9      | Reached XP level 10. HP: 66/71 MP: 10/10
  6929 | D:9      | Reached skill level 11 in Axes
  6929 | D:9      | Reached skill level 10 in Shields
  7278 | D:6      | Reached ** piety under Cheibriados
  7326 | D:6      | Found Zin's Purification Station.
  7327 | D:6      | Found a glowing silver altar of Zin.
  7327 | D:6      | Noticed Eustachio
  7336 | D:6      | Killed Eustachio
  7537 | D:6      | Reached *** piety under Cheibriados
  8095 | D:6      | Reached skill level 12 in Axes
  8487 | D:7      | Reached **** piety under Cheibriados
  8606 | D:7      | Found a sparkling altar of Nemelex Xobeh.
  8650 | D:7      | Reached XP level 11. HP: 77/77 MP: 11/11
  9110 | D:8      | Found a staircase to the Lair.
  9451 | D:8      | Noticed Erica
  9457 | D:8      | Killed Erica
  9457 | D:8      | Reached skill level 1 in Dodging
  9457 | D:8      | Reached skill level 1 in Invocations
  9481 | D:8      | Found Cufaskero's Weapon Boutique.
  9642 | D:8      | Reached ***** piety under Cheibriados
  9841 | Lair:1   | Entered Level 1 of the Lair of Beasts
  9889 | Lair:1   | Reached skill level 13 in Axes
  9979 | Lair:1   | Reached skill level 5 in Fighting
 10437 | Lair:1   | Reached skill level 5 in Armour
 10964 | Lair:2   | Reached XP level 12. HP: 67/87 MP: 15/15
 11056 | Lair:2   | Identified a scroll of acquirement
 11268 | Lair:2   | Reached ****** piety under Cheibriados
 11507 | Lair:2   | Reached skill level 5 in Invocations
 11756 | Lair:3   | Noticed Sonja
 11771 | Lair:3   | You fall through a shaft for 3 floors!
 11771 | Lair:6   | Entered Level 6 of the Lair of Beasts
 11790 | Lair:6   | HP: 3/89 [spiny frog (9)]
 11791 | Lair:6   | Mangled by a spiny frog

Skill      XL: |  1  2  3  4  5  6  7  8  9 10 11 12 |
---------------+-------------------------------------+-----
Shields        | 4 5 6 7 9 11 | 11.4
Armour         | 4 5 6 |  6.1
Axes           | 3 5 6 8 10 12 13 | 13.9
Fighting       | 4 5 6 |  6.5
Dodging        | 3 4 |  4.0
Invocations    | 4 5 |  5.4

Action                   |  1- 3 |  4- 6 |  7- 9 | 10-12 || total
-------------------------+-------+-------+-------+-------++-------
Melee: War axe           |   107 |   206 |   487 |   248 ||  1048
       Broad axe         |       |       |       |   219 ||   219
Throw: Stone             |       |       |     4 |       ||     4
       Tomahawk          |       |       |       |     7 ||     7
Invok: Bend Time         |       |       |     1 |       ||     1
 Abil: Dig               |     1 |     2 |     9 |    10 ||    22
       Shaft Self        |       |       |     1 |     1 ||     2
  Use: Potion            |       |       |     5 |     4 ||     9
       Scroll            |       |       |       |    16 ||    16
 Stab: Invisible         |       |       |       |     2 ||     2
  Eat: Chunk             |       |     7 |    13 |     8 ||    28
       Beef jerky        |       |       |     1 |       ||     1
       Pizza             |       |       |       |     1 ||     1
Armor: Scale mail        |    33 |       |       |       ||    33
       Chain mail        |       |   100 |   207 |   152 ||   459
Dodge: Dodged            |    33 |    50 |   102 |   130 ||   315
Block: Shield            |    55 |    91 |   280 |   307 ||   733
